 Dungeon Crawl Stone Soup version 0.28-a0-863-g8cecda6153 (webtiles) character file.

Game seed: 14827571303155027707

88 bjtr the Conjurer (level 4, -2/30 HPs)
             Began as a Human Conjurer on Nov 17, 2021.
             Slain by an ice beast (4 damage)
             ... on level 3 of the Dungeon on Nov 18, 2021.
             The game lasted 00:17:29 (4706 turns).

bjtr the Conjurer (Human Conjurer)                  Turns: 4706, Time: 00:17:29

Health: -2/30      AC:  5    Str:  7    XL:     4   Next: 82%
Magic:  0/7        EV: 11    Int: 20    God:
Gold:   140        SH:  0    Dex: 11    Spells: 4/7 levels left

rFire   + . .      SeeInvis .   a - +0 morningstar
rCold   + . .      Faith    .   (no shield)
rNeg    . . .      Spirit   .   e - +0 leather armour
rPois   .          Reflect  .   h - +1 helmet
rElec   .          Harm     .   (no cloak)
rCorr   .          Rampage  .   (no gloves)
Will    .....                   (no boots)
Stlth   ++........              (no amulet)
HPRegen 0.10/turn               t - ring of protection from cold
MPRegen 0.10/turn               s - ring of protection from fire

@: no status effects
A: no striking features
a: no special abilities


You were on level 3 of the Dungeon.
You visited 1 branch of the dungeon, and saw 4 of its levels.

You collected 140 gold pieces.

Inventory:

Hand Weapons
 a - a +0 morningstar (weapon)
 b - a +2 hunting sling of flaming
 m - a +1 dagger of venom
 q - a +0 hand axe
Missiles
 c - 35 stones
 f - 3 javelins (quivered)
Armour
 d - a +0 ring mail
 e - a +0 leather armour (worn)
 h - a +1 helmet (worn)
 j - a +0 robe
Jewellery
 n - a ring of positive energy
 s - a ring of protection from fire (right hand)
 t - a ring of protection from cold (left hand)
Potions
 g - a potion of might {unknown}
 i - a potion of haste {unknown}
 k - a potion of curing
 l - a potion of invisibility {unknown}
 o - a potion of flight {unknown}
 p - a potion of mutation {unknown}
 r - a potion of attraction {unknown}


   Skills:
 + Level 1.3 Armour
 + Level 2.1 Dodging
 + Level 2.2 Stealth
 + Level 2.3 Spellcasting
 * Level 5.2 Conjurations


You had 4 spell levels left.
You knew the following spells:

 Your Spells              Type           Power      Damage    Failure   Level
a - Magic Dart            Conj           92%        1d7       2%          1
b - Searing Ray           Conj           46%        2d6       4%          2

Your spell library contained the following spells:

 Spells                   Type           Power      Damage    Failure   Level
 Sting                    Tmut/Pois      8%         1d3       22%         1
 Dazzling Flash           Conj/Hex       24%        N/A       22%         3
 Poisonous Vapours        Pois/Air       4%         N/A       32%         2
 Fulminant Prism          Conj/Hex       6%         3d7       58%         4
 Iskenderun's Mystic Bla  Conj/Tloc      12%        2d5       58%         4
 Olgreb's Toxic Radiance  Pois           2%         N/A       91%         4


Dungeon Overview and Level Annotations

Branches:
Dungeon (4/15)
 Temple: D:4-7

Altars:

Shops:
D:2 (   D:3 [

Annotations:
D:4 Edmund, Grinder


Message History

The ice beast hits you but does no damage.
The searing ray hits the ice beast.
The ice beast is moderately wounded.
The ice beast hits you but does no damage.
The searing ray hits the ice beast.
The ice beast is moderately wounded.
The ice beast barely misses you.
The searing ray hits the ice beast!
The ice beast is severely wounded.
You finish channelling your searing ray.
The ice beast misses you.
Casting: Searing Ray (safe; 4% risk of failure)
Confirm with . or Enter, or press ? or * to list all spells.
Aiming: Searing Ray (safe; 4% risk of failure)
Press: ? - help, Shift-Dir - straight line, f/p - ice beast
Aim: an ice beast (severely wounded, 78% to hit)
The searing ray hits the ice beast.
The ice beast is severely wounded. (Press . to maintain the ray.)
The ice beast hits you but does no damage.
You barely miss the ice beast.
The ice beast is severely wounded.
The ice beast hits you. The ice beast freezes you. You resist.
* * * LOW HITPOINT WARNING * * *
The ice beast hits you.
* * * LOW HITPOINT WARNING * * *
The ice beast freezes you. You resist.
* * * LOW HITPOINT WARNING * * *
Casting: Searing Ray (safe; 4% risk of failure)
Confirm with . or Enter, or press ? or * to list all spells.
Aiming: Searing Ray (safe; 4% risk of failure)
Press: ? - help, Shift-Dir - straight line, f/p - ice beast
Aim: an ice beast (severely wounded, 78% to hit)
The searing ray hits the ice beast.
The ice beast is severely wounded. (Press . to maintain the ray.)
The ice beast hits you.
* * * LOW HITPOINT WARNING * * *
The ice beast freezes you. You resist.
You die...

.# #.>..............
.######################.##.......
......................#.#####.###
.#......##..............# #....
.#.####.##.###########.## #####
.#.#..#.##.# #..# # .#.#..#.##.#
##.#########
.#.#..#.##.############.##....[..
.#.#..#.##......@Y.........≈≈≈.≈≈
.#.#.<#.###############.##.⌠.....
.............................###.
.#.#.####.........######...⌠.#_#.
.#.#.........##.#.# #...P.#.#.
.#.#####.#.#....#.# ##..≈.#.#.
.#.# #.#.#...##.# #..≈..... .#.#
#.#.#......# #..P.≈≈⌠≈
.#.#####.#.####.#.# ####.......


You could see an ice beast.

Vanquished Creatures
  2 adders (D:3)
  A white imp (D:3)
  An ufetubus (D:3)
  An adder skeleton (D:3)
  A worm (D:3)
  A dart slug (D:1)
  3 orcs (D:3)
  8 ball pythons
  5 endoplasms
  2 giant cockroaches
  4 goblins
  6 hobgoblins
  2 kobolds (D:3)
  A quokka (D:4)
  5 bats
  A frilled lizard (D:2)
  3 rats
47 creatures vanquished.

Vanquished Creatures (others)
  A fungus (D:3)
  3 plants (D:3)
4 creatures vanquished.

Grand Total: 51 creatures vanquished

Notes
Turn   | Place    | Note
-------+----------+-------------------------------------------
     0 | D:1      | bjtr the Human Conjurer began the quest for the Orb.
     0 | D:1      | Reached XP level 1. HP: 13/13 MP: 3/3
   311 | D:1      | Reached XP level 2. HP: 19/19 MP: 0/5
   367 | D:1      | Learned a level 2 spell: Searing Ray
  1358 | D:2      | Reached XP level 3. HP: 24/24 MP: 3/6
  1453 | D:2      | Found Xuej's Weapon Emporium.
  2592 | D:3      | Found Meebeqig's Antique Armour Shoppe.
  2607 | D:3      | Reached skill level 5 in Conjurations
  2607 | D:3      | Reached XP level 4. HP: 29/30 MP: 3/7
  2971 | D:3      | Reached skill level 1 in Armour
  3395 | D:3      | Noticed an ice beast
  4044 | D:3      | Found a faded altar of an unknown god.
  4555 | D:4      | Noticed Grinder
  4559 | D:4      | Noticed Edmund
  4706 | D:3      | Slain by an ice beast

Illustrated notes

Levels and vault maps discovered:
D:1:      dpeg_arrival_simpleton_c, layout_basic
D:2:      layout_loops_ring, serial_shops, nicolae_shop_bloodbath_and_beyond
D:3:      layout_basic, serial_shops, nicolae_diamond_shop,
          shapermc_ecumenical_altar_acropolis, serial_park_tiny_2,
          minmay_fractal_squares_gapless_5
D:4:      layout_cave_pools, uniq_sigmund, uniq_grinder, uniq_edmund

Skill      XL: |  1  2  3  4 |
---------------+-------------+-----
Conjurations   | 5 |  5.2
Armour         | 1 |  1.3
Dodging        | |  2.1
Stealth        | |  2.2
Spellcasting   | |  2.3

Action                   |  1- 3 |  4- 6 || total
-------------------------+-------+-------++-------
Melee: Unarmed           |     4 |       ||     4
       Dagger            |    19 |    11 ||    30
       Morningstar       |       |    18 ||    18
 Fire: Hunting sling     |     9 |    23 ||    32
Throw: Javelin           |     1 |       ||     1
 Cast: Magic Dart        |    22 |       ||    22
       Searing Ray       |    16 |    12 ||    28
  Use: Scroll            |     2 |     1 ||     3
       Potion            |       |     2 ||     2
Armor: Leather armour    |    14 |    28 ||    42
Dodge: Dodged            |    14 |    56 ||    70

Table legend: (Time is in decaauts)
 A = Elapsed time spent in this place.
 B = Non-inter-level travel time spent in this place.
 C = Inter-level travel time spent in this place.
 D = Time resting spent in this place.
 E = Time spent auto-exploring this place.
 F = Levels seen in this place.
 G = Mean time per level.
                   A        B        C        D        E       F      G
               +--------+--------+--------+--------+--------+-----+--------+
         Total |   4716 |   4597 |    119 |   1969 |   2089 |   4 | 1179.0 |
       Dungeon |   4716 |   4597 |    119 |   1969 |   2089 |   4 | 1179.0 |
               +--------+--------+--------+--------+--------+-----+--------+

Top non-repeatable levels by time:
     D:3: 2414 daAuts
     D:2: 1127 daAuts
     D:1: 1089 daAuts
     D:4: 85 daAuts
